TOP OF THE 1ST |
Missoula Osprey batting - Pitching for Helena Brewers : LHP Brian Rich
|
Pitching: LHP Brian Rich
|
|
Batting: RHB Hyeok Shon
|
0-0: Called Strike 0-1: Foul Ball, location: 2F 0-2: Ball 1-2: Ball 2-2: Ball 3-2: Strikes out looking
|
Batting: RHB Chris Jones
|
0-0: Swinging Strike 0-1: Foul Ball, location: 2F 0-2: Ball 1-2: Strikes out looking
|
Batting: RHB Antonio Luisa
|
0-0: Called Strike 0-1: Ball 1-1: Swinging Strike 1-2: Ball 2-2: Ground out 6-3 (Groundball, 6S, EV 75.0 MPH)
|
Top of the 1st over - 0 runs, 0 hits, 0 errors, 0 left on base; Missoula 0 - Helena 0 |
BOTTOM OF THE 1ST |
Helena Brewers batting - Pitching for Missoula Osprey : RHP Joe Mulholland
|
Pitching: RHP Joe Mulholland
|
|
Batting: RHB Tristan Smeets
|
0-0: Foul Ball, location: 2F 0-1: Foul Ball, location: 2F 0-2: Ball 1-2: Foul Ball, location: 2F 1-2: Ball 2-2: Ball 3-2: Base on Balls
|
Batting: LHB Tony Hasbun
|
0-0: Called Strike 0-1: Foul Ball, location: 2F 0-2: Strikes out swinging
|
Batting: LHB Mark Backstrom
|
0-0: Ball 1-0: Foul Ball, location: 2F 1-1: Ball Pickoff Throw to First - Error! E1 Tristan Smeets to second 2-1: Swinging Strike 2-2: Foul Ball, location: 2F 2-2: Foul Ball, location: 2F 2-2: Ball 3-2: Foul Ball, location: 2F 3-2: SINGLE (Groundball, 4D, EV 108.8 MPH) Tristan Smeets to third Runner from 3rd tries for Home, throw by CF and OUT! 8-2
|
Batting: RHB Chris Fruit
|
0-0: Ball 1-0: Called Strike 1-1: Foul Ball, location: 2F 1-2: Ball 2-2: Ball 3-2: Ground out 5-3 (Groundball, 56S, EV 89.4 MPH)
|
Bottom of the 1st over - 0 runs, 1 hit, 1 error, 1 left on base; Missoula 0 - Helena 0 |
TOP OF THE 2ND |
Missoula Osprey batting - Pitching for Helena Brewers : LHP Brian Rich
|
Batting: LHB Nelson Pelico
|
0-0: Ball 1-0: Ball 2-0: Ball 3-0: Fly out, F6 (Flyball, 56D, EV 87.5 MPH)
|
Batting: RHB Francisco Gutierrez
|
0-0: Swinging Strike 0-1: Ball 1-1: Ball 2-1: Foul Ball, location: 2F 2-2: Strikes out swinging
|
Batting: RHB Cesar Rendon
|
0-0: Swinging Strike 0-1: Ball 1-1: Swinging Strike 1-2: Strikes out swinging
|
Top of the 2nd over - 0 runs, 0 hits, 0 errors, 0 left on base; Missoula 0 - Helena 0 |
BOTTOM OF THE 2ND |
Helena Brewers batting - Pitching for Missoula Osprey : RHP Joe Mulholland
|
Batting: RHB Jeremy Harden
|
0-0: Ball 1-0: Called Strike 1-1: Fly out, F7 (Flyball, 78M, EV 90.6 MPH)
|
Batting: RHB Steve Errico
|
0-0: Ball 1-0: Called Strike 1-1: Ball 2-1: Called Strike 2-2: Ball 3-2: Base on Balls
|
Batting: LHB Alex Chairez
|
0-0: Called Strike 0-1: Ball 1-1: Ball 2-1: Grounds into double play, 4-3-6 (Groundball, 34, EV 98.1 MPH)
|
Bottom of the 2nd over - 0 runs, 0 hits, 0 errors, 0 left on base; Missoula 0 - Helena 0 |
TOP OF THE 3RD |
Missoula Osprey batting - Pitching for Helena Brewers : LHP Brian Rich
|
Batting: LHB Danny Salas
|
0-0: Foul Ball, location: 2F 0-1: Foul Ball, location: 2F 0-2: Foul Ball, location: 2F 0-2: Ball 1-2: Foul Ball, location: 2F 1-2: Foul Ball, location: 2F 1-2: Strikes out swinging
|
Batting: RHB Jimmy McIntosh
|
0-0: Swinging Strike 0-1: Ball 1-1: Foul Ball, location: 2F 1-2: Strikes out swinging
|
Batting: RHB Hector Tabares
|
0-0: Ball 1-0: Ball 2-0: Swinging Strike 2-1: Ball 3-1: Called Strike 3-2: Strikes out swinging
|
Top of the 3rd over - 0 runs, 0 hits, 0 errors, 0 left on base; Missoula 0 - Helena 0 |
BOTTOM OF THE 3RD |
Helena Brewers batting - Pitching for Missoula Osprey : RHP Joe Mulholland
|
Batting: RHB Tony Beaumond
|
0-0: Called Strike 0-1: Ground out 1-3 (Groundball, 34S, EV 67.5 MPH)
|
Batting: RHB Jesus Menjivar
|
0-0: Swinging Strike 0-1: Ball 1-1: Ball 2-1: Foul Ball, location: 2F 2-2: Strikes out swinging
|
Batting: RHB Tristan Smeets
|
0-0: Called Strike 0-1: Ball 1-1: Ball 2-1: Called Strike 2-2: Ball 3-2: Base on Balls
|
Batting: LHB Tony Hasbun
|
0-0: Called Strike 0-1: Called Strike 0-2: Ground out 4-3 (Groundball, 4, EV 106.9 MPH)
|
Bottom of the 3rd over - 0 runs, 0 hits, 0 errors, 1 left on base; Missoula 0 - Helena 0 |
TOP OF THE 4TH |
Missoula Osprey batting - Pitching for Helena Brewers : LHP Brian Rich
|
Pinch Hitting: RHB Jonathan Mora
|
0-0: Foul Ball, location: 2F 0-1: Foul Ball, location: 2F 0-2: Ball 1-2: Strikes out swinging
|
Batting: RHB Chris Jones
|
0-0: Ground out 4-3 (Groundball, 4, EV 88.1 MPH)
|
Batting: RHB Antonio Luisa
|
0-0: Called Strike 0-1: Swinging Strike 0-2: Ball 1-2: Strikes out swinging
|
Top of the 4th over - 0 runs, 0 hits, 0 errors, 0 left on base; Missoula 0 - Helena 0 |
BOTTOM OF THE 4TH |
Helena Brewers batting - Pitching for Missoula Osprey : RHP Joe Mulholland
|
Now at 2B: Edwin Romero
|
|
Batting: LHB Mark Backstrom
|
0-0: Ball 1-0: Called Strike 1-1: Called Strike 1-2: Ball 2-2: Ball 3-2: Foul Ball, location: 2F 3-2: SINGLE (Groundball, 34D, EV 94.4 MPH)
|
Batting: RHB Chris Fruit
|
0-0: Ball 1-0: Ball 2-0: Fielders Choice at 2nd, 5-4 (Groundball, 56S, EV 78.1 MPH)
|
Batting: RHB Jeremy Harden
|
0-0: Ball Chris Fruit steals 2nd base 1-0: Fly out, F9 (Flyball, 9LD, EV 93.8 MPH) Runner from 2nd tags up, SAFE at 3rd, no throw by RF
|
Batting: RHB Steve Errico
|
0-0: Ball 1-0: Ball 2-0: Foul Ball, location: 2F 2-1: Ball 3-1: Ground out 5-3 (Groundball, 5, EV 107.5 MPH)
|
Bottom of the 4th over - 0 runs, 1 hit, 0 errors, 1 left on base; Missoula 0 - Helena 0 |
TOP OF THE 5TH |
Missoula Osprey batting - Pitching for Helena Brewers : LHP Brian Rich
|
Batting: LHB Nelson Pelico
|
0-0: Called Strike 0-1: SINGLE (Line Drive, 8LS, EV 101.9 MPH)
|
Batting: RHB Francisco Gutierrez
|
0-0: Ball 1-0: Swinging Strike 1-1: Ball 2-1: SINGLE (Line Drive, 4MD, EV 98.1 MPH) Nelson Pelico to second Runner from 2nd tries for 3rd, SAFE after rundown.
|
Batting: RHB Cesar Rendon
|
0-0: Ball Francisco Gutierrez is caught stealing 2nd base 2-4 1-0: Swinging Strike 1-1: Swinging Strike 1-2: Fly out, F7 (Flyball, 7, EV 85.0 MPH)
|
Batting: LHB Danny Salas
|
0-0: Called Strike 0-1: Foul Ball, location: 2F 0-2: Strikes out looking
|
Top of the 5th over - 0 runs, 2 hits, 0 errors, 1 left on base; Missoula 0 - Helena 0 |
BOTTOM OF THE 5TH |
Helena Brewers batting - Pitching for Missoula Osprey : RHP Joe Mulholland
|
Batting: LHB Alex Chairez
|
0-0: Ball 1-0: Ball 2-0: Ball 3-0: Base on Balls
|
Batting: RHB Tony Beaumond
|
0-0: Ball 1-0: SINGLE (Line Drive, 9S, EV 101.9 MPH) Alex Chairez to second
|
Batting: RHB Jesus Menjivar
|
0-0: SINGLE (Groundball, 6MD, EV 101.9 MPH) (infield hit) Alex Chairez to third Tony Beaumond to second
|
Batting: RHB Tristan Smeets
|
0-0: Fielders Choice at 2nd, 3-6 (Groundball, 34, EV 91.9 MPH) Alex Chairez scores Tony Beaumond to third
|
Batting: LHB Tony Hasbun
|
0-0: Ball 1-0: Ball 2-0: SINGLE (Line Drive, 9S, EV 106.2 MPH) Tony Beaumond scores Tristan Smeets to second
|
Batting: LHB Mark Backstrom
|
0-0: Called Strike 0-1: Called Strike 0-2: Ball 1-2: Ball 2-2: Ball 3-2: Strikes out swinging
|
Batting: RHB Chris Fruit
|
0-0: Called Strike 0-1: Ball 1-1: Swinging Strike 1-2: Ball 2-2: Foul Ball, location: 2F 2-2: Foul Ball, location: 2F 2-2: Ball 3-2: SINGLE (Line Drive, 5L, EV 108.8 MPH) Tristan Smeets to third Tony Hasbun to second Tristan Smeets scores Tony Hasbun to third
|
Batting: RHB Jeremy Harden
|
0-0: 3-RUN HOME RUN (Flyball, 7D, EV 103.8 MPH), Distance : 388 ft
|
Pitching: RHP Victor Cisneros
|
|
Batting: RHB Steve Errico
|
0-0: Ball 1-0: Ball 2-0: Ball 3-0: Base on Balls
|
Batting: LHB Alex Chairez
|
0-0: Ball 1-0: Called Strike 1-1: Swinging Strike 1-2: Foul Ball, location: 2F 1-2: Ball 2-2: DOUBLE (Line Drive, 78D, EV 108.1 MPH) Steve Errico to third
|
Batting: RHB Tony Beaumond
|
0-0: Ball 1-0: Swinging Strike 1-1: Ball 2-1: Foul Ball, location: 2F 2-2: Fly out, F4 (Line Drive, 4, EV 66.2 MPH)
|
Bottom of the 5th over - 6 runs, 6 hits, 0 errors, 2 left on base; Missoula 0 - Helena 6 |
TOP OF THE 6TH |
Missoula Osprey batting - Pitching for Helena Brewers : LHP Brian Rich
|
Batting: RHB Jimmy McIntosh
|
0-0: Fly out, F6 (Popup, 6D, EV 50.6 MPH)
|
Batting: RHB Hector Tabares
|
0-0: Ball 1-0: Ball 2-0: Ball 3-0: Called Strike 3-1: Fly out, F7 (Flyball, 7LM, EV 77.5 MPH)
|
Batting: RHB Edwin Romero
|
0-0: Ball 1-0: Ball 2-0: Ball 3-0: Called Strike 3-1: Foul Ball, location: 2F 3-2: Foul Ball, location: 2F 3-2: Ground out 2-3 (Groundball, 2R, EV 76.2 MPH)
|
Top of the 6th over - 0 runs, 0 hits, 0 errors, 0 left on base; Missoula 0 - Helena 6 |
BOTTOM OF THE 6TH |
Helena Brewers batting - Pitching for Missoula Osprey : RHP Victor Cisneros
|
Batting: RHB Jesus Menjivar
|
0-0: Ball 1-0: Ball 2-0: Called Strike 2-1: SINGLE (Groundball, 34D, EV 96.2 MPH)
|
Batting: RHB Tristan Smeets
|
0-0: Ball 1-0: Foul Ball, location: 2F 1-1: Reached on error, E4 (Groundball, 4, EV 93.8 MPH) Jesus Menjivar to second
|
Batting: LHB Tony Hasbun
|
0-0: Ball Passed Ball! Jesus Menjivar to third Tristan Smeets to second 1-0: Called Strike 1-1: Ground out 6-3 (Groundball, 6, EV 86.2 MPH) Jesus Menjivar scores Tristan Smeets to third
|
Pitching: RHP Javier Rosales
|
|
Batting: LHB Mark Backstrom
|
0-0: Ball 1-0: Ball 2-0: Called Strike 2-1: Foul Ball, location: 2F 2-2: Ball 3-2: Foul Ball, location: 2F 3-2: Base on Balls
|
Batting: RHB Chris Fruit
|
0-0: Ball 1-0: Ball 2-0: Ball 3-0: Base on Balls Mark Backstrom to second
|
Batting: RHB Jeremy Harden
|
0-0: Called Strike 0-1: Foul Ball, location: 2F 0-2: Strikes out looking
|
Batting: RHB Steve Errico
|
0-0: Called Strike 0-1: Ball 1-1: Called Strike 1-2: Foul Ball, location: 2F 1-2: Strikes out swinging
|
Bottom of the 6th over - 1 run, 1 hit, 1 error, 3 left on base; Missoula 0 - Helena 7 |
TOP OF THE 7TH |
Missoula Osprey batting - Pitching for Helena Brewers : LHP Brian Rich
|
Batting: RHB Chris Jones
|
0-0: Called Strike 0-1: Swinging Strike 0-2: Foul Ball, location: 2F 0-2: Strikes out swinging
|
Pinch Hitting: RHB Devon House
|
0-0: Ball 1-0: Fly out, F8 (Flyball, 8RS, EV 78.8 MPH)
|
Pinch Hitting: RHB Jose Cuellar
|
0-0: Ball 1-0: Called Strike 1-1: Swinging Strike 1-2: Ball 2-2: Foul Ball, location: 2F 2-2: Strikes out looking
|
Top of the 7th over - 0 runs, 0 hits, 0 errors, 0 left on base; Missoula 0 - Helena 7 |
BOTTOM OF THE 7TH |
Helena Brewers batting - Pitching for Missoula Osprey : RHP Javier Rosales
|
Now at 1B: Jose Cuellar
|
|
Now at 3B: Devon House
|
|
Batting: LHB Alex Chairez
|
0-0: Ball 1-0: SINGLE (Flyball, 34D, EV 92.5 MPH)
|
Batting: RHB Tony Beaumond
|
0-0: Ball 1-0: Swinging Strike Passed Ball! Alex Chairez to second 1-1: Foul Ball, location: 2F 1-2: Ground out 6-3 (Groundball, 6, EV 99.4 MPH)
|
Batting: RHB Jesus Menjivar
|
0-0: Ball 1-0: Swinging Strike 1-1: Ball 2-1: Foul Ball, location: 2F 2-2: Fly out, F8 (Flyball, 8LM, EV 91.9 MPH)
|
Batting: RHB Tristan Smeets
|
0-0: Called Strike 0-1: Swinging Strike 0-2: Strikes out looking
|
Bottom of the 7th over - 0 runs, 1 hit, 0 errors, 1 left on base; Missoula 0 - Helena 7 |
TOP OF THE 8TH |
Missoula Osprey batting - Pitching for Helena Brewers : LHP Brian Rich
|
Pitching: RHP Brian Heimerman
|
|
Pinch Hitting: RHB Isaiah Hampton
|
0-0: Ball 1-0: Swinging Strike 1-1: Ball 2-1: Foul Ball, location: 2F 2-2: Ball 3-2: Foul Ball, location: 2F 3-2: Foul Ball, location: 2F 3-2: Foul Ball, location: 2F 3-2: Foul Ball, location: 2F 3-2: Foul Ball, location: 2F 3-2: Strikes out looking
|
Batting: RHB Cesar Rendon
|
0-0: Ball 1-0: Called Strike 1-1: Called Strike 1-2: Foul Ball, location: 2F 1-2: Strikes out swinging
|
Batting: LHB Danny Salas
|
0-0: Swinging Strike 0-1: Swinging Strike 0-2: Strikes out swinging
|
Top of the 8th over - 0 runs, 0 hits, 0 errors, 0 left on base; Missoula 0 - Helena 7 |
BOTTOM OF THE 8TH |
Helena Brewers batting - Pitching for Missoula Osprey : RHP Javier Rosales
|
Now in LF: Cesar Rendon
|
|
Now in CF: Isaiah Hampton
|
|
Batting: LHB Tony Hasbun
|
0-0: Ball 1-0: Foul Ball, location: 2F 1-1: Ball 2-1: Ball 3-1: Swinging Strike 3-2: Foul Ball, location: 2F 3-2: Strikes out swinging
|
Pinch Hitting: RHB Michael Dickerson
|
0-0: Called Strike 0-1: Ball 1-1: Swinging Strike 1-2: Foul Ball, location: 2F 1-2: Foul Ball, location: 2F 1-2: Ball 2-2: Ground out 6-3 (Groundball, 56D, EV 100.6 MPH)
|
Batting: RHB Chris Fruit
|
0-0: Called Strike 0-1: Ball 1-1: Ball 2-1: Foul Ball, location: 2F 2-2: Foul Ball, location: 2F 2-2: SOLO HOME RUN (Flyball, 9D, EV 96.9 MPH), Distance : 380 ft
|
Pinch Hitting: LHB Danny Bautista
|
0-0: Called Strike 0-1: Ball 1-1: Called Strike 1-2: Ball 2-2: Ball 3-2: Base on Balls
|
Pitching: RHP Sam Lewis
|
|
Batting: RHB Steve Errico
|
0-0: Called Strike 0-1: Ball 1-1: Ball 2-1: Called Strike 2-2: Strikes out swinging
|
Bottom of the 8th over - 1 run, 1 hit, 0 errors, 1 left on base; Missoula 0 - Helena 8 |
TOP OF THE 9TH |
Missoula Osprey batting - Pitching for Helena Brewers : RHP Brian Heimerman
|
Now in LF: Michael Dickerson
|
|
Now in RF: Danny Bautista
|
|
Batting: RHB Jimmy McIntosh
|
0-0: Ball 1-0: Called Strike 1-1: SINGLE (Groundball, 4MD, EV 95.6 MPH)
|
Batting: RHB Hector Tabares
|
0-0: Ball 1-0: Foul Ball, location: 2F 1-1: Ball 2-1: Foul Ball, location: 2F 2-2: Foul Ball, location: 2F 2-2: Ball 3-2: Foul Ball, location: 2F 3-2: Foul Ball, location: 2F 3-2: Base on Balls Jimmy McIntosh to second
|
Batting: RHB Edwin Romero
|
0-0: Ball 1-0: Foul Ball, location: 2F 1-1: Swinging Strike 1-2: Foul Ball, location: 2F 1-2: Fly out, F7 (Flyball, 7D, EV 86.9 MPH) Runner from 2nd tags up, SAFE at 3rd, no throw by LF
|
Batting: RHB Chris Jones
|
0-0: DOUBLE (Line Drive, 89D, EV 113.1 MPH) Jimmy McIntosh scores Hector Tabares to third
|
Pinch Hitting: RHB Zach Espinosa
|
0-0: Foul Ball, location: 2F 0-1: Foul Ball, location: 2F 0-2: Ball 1-2: Strikes out swinging
|
Pinch Hitting: RHB David Powell
|
0-0: Called Strike 0-1: Ball 1-1: Ball 2-1: Swinging Strike 2-2: Strikes out looking
|
Top of the 9th over - 1 run, 2 hits, 0 errors, 2 left on base; Missoula 1 - Helena 8 |
|